 Dungeon Crawl Stone Soup version 0.27-a0-475-g4587593e40 (webtiles) character file.

Game seed: 12013147472669518097

154 Leibowitz the Covered (level 4, 0/38 HPs)
             Began as a Demigod Fighter on Mar 1, 2021.
             Slain by a kobold
             ... wielding a +0 dagger
              (2 damage)
             ... on level 2 of the Dungeon.
             The game lasted 00:03:17 (1354 turns).

Leibowitz the Covered (Demigod Fighter)             Turns: 1354, Time: 00:03:18

Health: 0/38       AC:  8    Str: 21    XL:     4   Next: 88%
Magic:  6/6        EV:  8    Int: 10    God:
Gold:   87         SH:  9    Dex: 13    Spells: 3/3 levels left

rFire    . . .     SeeInvis .   a - +0 war axe
rCold    . . .     Faith    .   c - +0 kite shield
rNeg     . . .     Spirit   .   b - +0 scale mail
rPois    .         Reflect  .   j - +0 helmet
rElec    .         Harm     .   (no cloak)
rCorr    .         Rampage  .   (no gloves)
Will     .....                  (no boots)
Stlth    ..........             (no amulet)
HPRegen  0.12/turn              (no ring)
MPRegen  0.10/turn              (no ring)

@: mighty, flying
A: high mp 1
a: no special abilities


You were on level 2 of the Dungeon.
You visited 1 branch of the dungeon, and saw 2 of its levels.

You collected 87 gold pieces.

Inventory:

Hand Weapons
 a - a +0 war axe (weapon)
Missiles
 o - 29 poisoned darts (quivered)
Armour
 b - a +0 scale mail (worn)
 c - a +0 kite shield (worn)
 j - a +0 helmet (worn)
Jewellery
 g - a ring of ice
 n - a ring of resist corrosion
Scrolls
 e - 5 scrolls of identify {unknown}
 f - a scroll of noise {unknown}
 i - 2 scrolls of magic mapping {unknown}
 m - a scroll of blinking {unknown}
 p - a scroll of enchant armour {unknown}
Potions
 h - a potion of attraction


   Skills:
 * Level 3.1 Fighting
 * Level 2.9 Axes
 * Level 3.5 Armour
 * Level 1.5 Dodging
 * Level 3.3 Shields


You had 3 spell levels left.
You didn't know any spells.
Your spell library was empty.

Dungeon Overview and Level Annotations

Branches:
Dungeon (2/15)


Innate Abilities, Weirdness & Mutations

You have an increased reservoir of magic. (+10% MP)


Message History

The water moccasin bites you.
* * * LOW HITPOINT WARNING * * *
The water moccasin closely misses you.
Your shield and scale mail prevent you from hitting the water moccasin.
The water moccasin is severely wounded.
You feel sick. You block the water moccasin's attack.
The water moccasin bites you.
* * * LOW HITPOINT WARNING * * *
The water moccasin bites you.
* * * LOW HITPOINT WARNING * * *
It was a potion of flight.
You feel very buoyant.
You fly up into the air.
* * * LOW HITPOINT WARNING * * *
You feel sick. You block the water moccasin's attack.
You slash the water moccasin!
You kill the water moccasin!
Your Fighting skill increases to level 3!
Your Dodging skill increases to level 1!
You have reached level 4!
You closely miss the rat.
You feel sick. You block the rat's attack. The rat closely misses you.
You barely miss the rat. You block the rat's attack.
You closely miss the rat.
You feel sick. The rat closely misses you.
A ball python comes into view.
You block the rat's attack. The kobold is pulled toward you!
You feel less attractive to monsters.
You feel sick.
There is an escape hatch in the floor here.
You feel sick.
You feel sick.
You are no longer poisoned.
You slash the rat!
You kill the rat!
You slash the gnoll!
You kill the gnoll!
You barely miss the kobold. You block the kobold's attack.
The kobold hits you with a +0 dagger.
You die...

#.######. #..# ## ##.##
#..# ###########.###
##### #.......# #...##
#...# #.......# ###..##
#...#####.>.....######..#
#....gSK@..........####..
#..r#####.......##.....#.
#...# #.......######.#.
##>## #.......# #... #K#
######### ##.. #S#
#####.. #.### #####
#.....# #...# ###.....
....#####
###.###g..#######


You could see a gnoll, a ball python, a kobold and a rat.

Vanquished Creatures
  A water moccasin (D:2)
  A gnoll (D:2)
  An adder (D:2)
  A dart slug (D:1)
  5 bats
  A giant cockroach (D:1)
  2 goblins (D:1)
  A hobgoblin (D:1)
  3 jackals (D:1)
  A quokka (D:2)
  2 frilled lizards (D:1)
  2 kobolds (D:1)
  3 rats
24 creatures vanquished.

Notes
Turn   | Place    | Note
-------+----------+-------------------------------------------
     0 | D:1      | Leibowitz the Demigod Fighter began the quest for the Orb.
     0 | D:1      | Reached XP level 1. HP: 18/18 MP: 3/3
   379 | D:1      | Reached XP level 2. HP: 25/25 MP: 4/4
  1151 | D:2      | Reached XP level 3. HP: 19/30 MP: 5/5
  1314 | D:2      | Noticed a water moccasin
  1335 | D:2      | Killed a water moccasin
  1336 | D:2      | Reached skill level 1 in Dodging
  1336 | D:2      | Reached XP level 4. HP: 5/38 MP: 6/6
  1354 | D:2      | Slain by a kobold

Illustrated notes

Levels and vault maps discovered:
D:1:      dpeg_chamrin_arrival_tetris, layout_basic, columned_hall_lemuel,
          minmay_tromino_v4_a
D:2:      layout_rooms, uniq_jessica

Skill      XL: |  1  2  3 |
---------------+----------+-----
Axes           | 2 |  2.9
Shields        | 3 |  3.3
Armour         | 3 |  3.5
Fighting       | 3 |  3.1
Dodging        | 1 |  1.5

Action                   |  1- 3 |  4- 6 || total
-------------------------+-------+-------++-------
Melee: War axe           |    78 |     6 ||    84
  Use: Potion            |     5 |       ||     5
Armor: Scale mail        |    48 |       ||    48
Dodge: Dodged            |    33 |     2 ||    35
Block: Kite shield       |    50 |     4 ||    54

Table legend: (Time is in decaauts)
 A = Elapsed time spent in this place.
 B = Non-inter-level travel time spent in this place.
 C = Inter-level travel time spent in this place.
 D = Time resting spent in this place.
 E = Time spent auto-exploring this place.
 F = Levels seen in this place.
 G = Mean time per level.
                   A        B        C        D        E       F      G
               +--------+--------+--------+--------+--------+-----+--------+
         Total |   1407 |   1359 |     48 |    162 |    907 |   2 |  703.5 |
       Dungeon |   1407 |   1359 |     48 |    162 |    907 |   2 |  703.5 |
               +--------+--------+--------+--------+--------+-----+--------+

Top non-repeatable levels by time:
     D:1: 986 daAuts
     D:2: 421 daAuts
